 Dungeon Crawl Stone Soup version 0.27.1 (webtiles) character file.

Game seed: 4106884723173261299

3 Descartes the Vexing (level 1, 0/7 HPs)
             Began as a Felid Wanderer on Aug 25, 2021.
             Slain by a rat (2 damage)
             ... on level 1 of the Dungeon.
             The game lasted 00:01:34 (221 turns).

Descartes the Vexing (Felid Wanderer)                Turns: 221, Time: 00:01:34

Health: 0/7        AC:  1    Str:  8    XL:     1   Next: 41%
Magic:  3/3        EV: 15    Int: 11    God:
Gold:   0          SH:  0    Dex: 17    Spells: 1/2 levels left
                                        Lives:  0   Deaths: 0

rFire    . . .     SeeInvis +   (weapon unavailable)
rCold    . . .     Faith    .   (shield unavailable)
rNeg     . . .     Spirit   .   (armour unavailable)
rPois    .         Reflect  .   (helmet unavailable)
rElec    .         Harm     .   (cloak unavailable)
rCorr    .         Rampage  .   (gloves unavailable)
Will     .....                  (boots unavailable)
Stlth    ++........             (no amulet)
HPRegen  0.02/turn              (no ring)
MPRegen  0.08/turn              (no ring)

@: quick
A: very small, claws 1, fangs 3, see invisible, speed 1, shaggy fur 1, stealthy
paws, no weapons or thrown items, no armour, multi-lived
a: no special abilities


You were on level 1 of the Dungeon.
You visited 1 branch of the dungeon, and saw 1 of its levels.

Inventory:

Scrolls
 a - a scroll of teleportation


   Skills:
 + Level 0.3 Dodging
 + Level 1.5 Stealth
 + Level 0.1 Unarmed Combat
 + Level 1.0 Spellcasting
 + Level 0.1 Conjurations
 - Level 4.4 Hexes
 - Level 2.1 Transmutations
 + Level 1.8 Air Magic
 - Level 1.1 Evocations


You had one spell level left.
You knew the following spells:

 Your Spells              Type           Power      Damage    Failure   Level
a - Shock                 Conj/Air       8%         1d3       22%         1

Your spell library contained the following spells:

 Spells                   Type           Power      Damage    Failure   Level
 Corona                   Hex            11%        N/A       5%          1
 Tukima's Dance           Hex            10%        N/A       16%         3
 Static Discharge         Conj/Air       2%         N/A       32%         2
 Swiftness                Air            4%         N/A       41%         3
 Airstrike                Air            2%         N/A       83%         4


Dungeon Overview and Level Annotations

Branches:
Dungeon (1/15)

Altars:


Innate Abilities, Weirdness & Mutations

You have sharp claws.
You have razor-sharp teeth.
You have supernaturally acute eyesight. (SInv)
You cover ground quickly. (Speed+)
You are covered in fur. (AC +1)
Your paws help you pounce on unaware monsters.
You are incapable of wielding weapons or throwing items.
You cannot wear armour.
You gain extra lives every three experience levels.


Message History

You kill the ball python!
No target in view!
No target in view!
No target in view!
No target in view!
No target in view!
No target in view!
No target in view!
No target in view!
No target in view!
No target in view!
No target in view!
No target in view!
No target in view!
No target in view!
Found a scroll labelled RIWAHOBB RIYBEFO.
The frilled lizard hisses angrily.
A frilled lizard comes into view.
The frilled lizard hisses angrily.
A rat comes into view.
You completely miss the frilled lizard. The frilled lizard bites you.
You scratch the frilled lizard.
You kill the frilled lizard!
The frilled lizard misses you.
You see here a frilled lizard corpse.
You closely miss the frilled lizard. The frilled lizard closely misses you.
You barely miss the frilled lizard. The frilled lizard bites you.
You closely miss the rat. The frilled lizard barely misses you.
The rat completely misses you.
You closely miss the rat. The frilled lizard closely misses you.
The rat completely misses you.
You scratch the rat.
The rat is moderately wounded.
The frilled lizard closely misses you. The rat barely misses you.
You barely miss the rat. Your bite misses the rat.
The rat is moderately wounded.
The frilled lizard bites you.
* * * LOW HITPOINT WARNING * * *
The rat bites you.
You die...

.......# .......
###..... #
#....?.#. #.
#....... ..
#.....# #.##
##.rl..#
#...##...@..#
..≈.. #...#..#.###
###.≈#.###.....#.#
≈≈#8≈#..###...#..#
[≈#.≈##.###.#.#.##
.≈#.≈...##..#...#
.≈#8≈...##.#...##
.≈#.≈...##.#..##
..'........#..#


You could see a frilled lizard and a rat.

Vanquished Creatures
  A ball python (D:1)
  A goblin (D:1)
  A frilled lizard (D:1)
3 creatures vanquished.

Notes
Turn   | Place    | Note
-------+----------+-------------------------------------------
     0 | D:1      | Descartes the Felid Wanderer began the quest for the Orb.
     0 | D:1      | Descartes set off with the following items: a scroll of
                  | teleportation; and the following spells available to
                  | memorise: Corona, Shock, Static Discharge, Tukima's Dance,
                  | Swiftness, Airstrike
     0 | D:1      | Reached XP level 1. HP: 7/7 MP: 3/3
     2 | D:1      | Learned a level 1 spell: Shock
   221 | D:1      | Slain by a rat

Illustrated notes

Levels and vault maps discovered:
D:1:      lightli_arrival_isolated_outpost, layout_rooms,
          shapermc_ecumenical_altar_rom_forum, serial_bayou_lagoon_a,
          minmay_worlds_worst_comb

Action                   || total
-------------------------++-------
Melee: Unarmed           ||    19
Dodge: Dodged            ||    19
